AoeStats
← Elsalala

Arena

509579450Analyzed
1v1 RM · 5d ago on Sep 27, 2026· 71m 44s· 2 players
Game mode
Random Map
Map size
Tiny (2 player)
Population
200
Speed
Normal
Resources
Standard
Victory
Conquest
Starting age
Dark Age
Ending age
Imperial Age
RankedLock teamsTeams togetherTeam positionsShared explorationLock speedFull tech treeHidden civsTurbo modeCheats
Victory
Defeat
🇪🇬 Vietnamese · Egypt
203
+18
🇳🇱 Lithuanians · Netherlands
253
-18
cinzanoo
12:40 Feudal Age
13:08 Horse Collar
13:18 Double-Bit Axe
14:34 Gold Mining
14:35 Stone Mining
20:39 Castle Age
21:29 Padded Archer Armor
21:20 Fletching
22:19 Stone Shaft Mining
21:51 Heavy Plow
23:26 Bow Saw
26:01 Leather Archer Armor
27:57 Elite Skirmisher
29:51 Pikeman
30:31 Squires
32:40 Thumb Ring
36:30 Imperial Age
35:59 Chatras
36:21 Heated Shot
36:52 Ballistics
36:14 Treadmill Crane
36:30 Murder Holes
36:46 Masonry
36:48 Fortified Wall
38:23 Chemistry
37:55 Paper Money
38:55 Two-Man Saw
39:50 Crop Rotation
39:13 Imperial Skirmisher
39:50 Elite Battle Elephant
40:36 Scale Mail Armor
40:42 Scale Barding Armor
42:04 Wheelbarrow
41:15 Town Watch
41:15 Loom
43:18 Chain Barding Armor
43:14 Chain Mail Armor
43:09 Forging
46:57 Hand Cart
46:43 Town Patrol
46:52 Sappers
49:08 Ring Archer Armor
49:14 Iron Casting
49:10 Plate Mail Armor
49:50 Halberdier
52:46 Plate Barding Armor
52:07 Bodkin Arrow
52:54 Husbandry
53:05 Bloodlines
54:26 Bracer
61:45 Siege Engineers
62:03 Bombard Tower
Elsalala
8:07 Loom
13:51 Feudal Age
15:11 Wheelbarrow
15:25 Double-Bit Axe
16:23 Gold Mining
17:15 Stone Mining
19:03 Town Watch
22:14 Horse Collar
25:43 Castle Age
24:02 Forging
23:43 Fletching
23:54 Padded Archer Armor
24:40 Scale Mail Armor
25:23 Scale Barding Armor
27:17 Stone Shaft Mining
26:45 Heavy Plow
26:59 Pikeman
28:18 Squires
29:55 Bow Saw
31:36 Hand Cart
33:17 Hill Forts
37:32 Imperial Age
35:50 Town Patrol
35:48 Arson
36:20 Treadmill Crane
36:36 Murder Holes
37:04 Ballistics
37:11 Fortified Wall
37:36 Chain Mail Armor
37:45 Chain Barding Armor
37:49 Leather Archer Armor
38:13 Iron Casting
38:49 Conscription
40:02 Plate Barding Armor
40:28 Husbandry
40:11 Cavalier
43:36 Tower Shields
43:59 Chain Mail Armor
43:40 Bodkin Arrow
43:15 Elite Skirmisher
44:47 Elite Leitis
46:44 Capped Ram
60:26 Bracer
61:34 Chemistry
62:37 Two-Man Saw
66:32 Halberdier
70:08 Bombard Tower
Connection lost

Rejoining the realm…

Still unreachable

The connection could not be restored.

Session expired

The server has moved on; the page needs a fresh start.